AoeStats
← f_buldo

African Clearing

510622971Analyzed
2v2 RM · 2d ago on Oct 1, 2026· 48m 19s· 4 players
Game mode
Random Map
Map size
Medium (4 player)
Population
200
Speed
Normal
Resources
Standard
Victory
Conquest
Starting age
Dark Age
Ending age
Imperial Age
RankedLock teamsTeams togetherTeam positionsShared explorationLock speedFull tech treeHidden civsTurbo modeCheats
Victory
Defeat
🇷🇺 Teutons · Russia
1032
+14
🇦🇷 Cumans · Argentina
1009
+15
🇬🇧 Huns · United Kingdom
994
-15
🇬🇧 Ethiopians · United Kingdom
974
-14
f_buldo
14:14 Feudal Age
12:30 Loom
14:55 Double-Bit Axe
24:15 Castle Age
22:45 Scale Barding Armor
23:41 Bloodlines
23:44 Forging
26:06 Chain Barding Armor
26:45 Bow Saw
28:52 Wheelbarrow
30:15 Iron Casting
37:01 Elite Skirmisher
43:08 Imperial Age
40:55 Hand Cart
42:55 Fletching
43:06 Padded Archer Armor
44:32 Cavalier
46:21 Plate Barding Armor
45:42 Bodkin Arrow
47:13 Leather Archer Armor
46:59 Gold Mining
47:59 Thumb Ring
76561199137489861
14:56 Feudal Age
16:10 Horse Collar
19:30 Castle Age
18:58 Double-Bit Axe
20:18 Wheelbarrow
29:33 Heavy Plow
34:36 Gold Mining
35:25 Scale Mail Armor
41:21 Chain Mail Armor
41:51 Loom
42:48 Forging
42:49 Stone Mining
43:26 Hand Cart
47:30 Imperial Age
46:34 Iron Casting
46:27 Bow Saw
46:53 Bloodlines
Joeks
9:16 Loom
16:21 Feudal Age
19:56 Wheelbarrow
19:07 Double-Bit Axe
19:03 Horse Collar
19:40 Bloodlines
20:02 Scale Barding Armor
20:15 Forging
28:16 Castle Age
27:27 Fletching
31:41 Husbandry
32:09 Hand Cart
32:15 Bow Saw
32:07 Heavy Plow
33:53 Iron Casting
33:38 Chain Barding Armor
36:29 Ballistics
42:21 Imperial Age
40:57 Careening
40:57 Masonry
41:56 Light Cavalry
43:32 Bodkin Arrow
44:37 Blast Furnace
44:13 Plate Barding Armor
Paddy
14:19 Loom
16:39 Feudal Age
17:01 Horse Collar
18:05 Wheelbarrow
18:53 Fletching
20:42 Forging
20:22 Arson
26:00 Castle Age
25:14 Padded Archer Armor
25:08 Gold Mining
26:20 Scale Mail Armor
27:01 Stone Mining
27:16 Double-Bit Axe
27:17 Crossbowman
28:25 Bodkin Arrow
31:04 Heavy Plow
32:32 Town Watch
33:50 Squires
39:52 Caravan
41:08 Leather Archer Armor
44:32 Chain Mail Armor
45:26 Bow Saw
46:23 Iron Casting
46:33 Ballistics
47:43 Hand Cart
Connection lost

Rejoining the realm…

Still unreachable

The connection could not be restored.

Session expired

The server has moved on; the page needs a fresh start.